Selects Australian Defense Battlegroup
Selects Australian Light Infantry Section
Australian Light Infantry Section
Construct Section Command Post
Australian Light Infantry Section
Construct Platoon Command Post
Australian Light Infantry Section
Construct Field Infirmary
Selects Defensive Tactics
6-pounder Anti-tank Gun Team
Unlock M3 Stuart Light Tanks
Selects Vehicle Over Repair
Australian Light Infantry Section